 Dungeon Crawl Stone Soup version bcrawl-1.15.1 (webtiles) character file.

Game seed: 13446225980656275135

3781 Kerapac the Destroyer (level 9, -5/54 HPs)
             Began as a Skeleton Ice Elementalist on Sept 25, 2019.
             Was a Believer of Sif Muna.
             Killed by divine providence
             ... invoked by an orc priest
              (11 damage)
             ... on level 10 of the Dungeon.
             The game lasted 01:16:01 (16015 turns).

Kerapac the Destroyer (Skeleton Ice Elementalist)  Turns: 16015, Time: 01:16:01

Health: -5/54      AC:  6    Str: 16    XL:     9   Next: 95%
Magic:  0/19       EV: 12    Int: 16    God:    Sif Muna [**....]
Gold:   742        SH:  0    Dex:  9    Spells: 3/22 levels left

rFire    . . .     SeeInvis .   g - +2 short sword (speed)
rCold    + . .     Gourm    .   (no shield)
rNeg     + + +     Faith    .   w - +0 leather armour
rPois    ∞         Spirit   +   k - +2 hat
rElec    .         Reflect  .   (no cloak)
rCorr    .         Harm     .   d - +0 pair of gloves
MR       .....                  (no boots)
Stlth    ++........             (no amulet)
HPRegen  0.18/turn              (no ring)
MPRegen  0.16/turn              (no ring)

@: vulnerable
A: no food or potions, cold resistance 1, deterioration 1, negative energy
resistance 3, powered by death 1, torment resistance, unbreathing, magic shield,
sturdy frame 1, spell healing
a: Divine Energy, Renounce Religion


You were on level 10 of the Dungeon.
You worshipped Sif Muna.
Sif Muna was pleased with you.
You were not hungry.

You visited 2 branches of the dungeon, and saw 11 of its levels.

You collected 742 gold pieces.

Inventory:

Hand Weapons
 f - a +0 hand axe
 g - a +2 short sword of speed (weapon)
Missiles
 n - 3 throwing nets (quivered) {!f}
Armour
 a - a +0 robe
 d - a +0 pair of gloves (worn)
 k - a +2 hat (worn)
 l - a +1 hat
 t - a +0 leather armour
 w - a +0 leather armour (worn)
 y - a +0 pair of gloves
Magical Staves
 x - an uncursed staff of earth
Jewellery
 b - a cursed ring of attention {unknown}
 i - an uncursed ring of fire {unknown}
 r - an uncursed ring of protection from magic {unknown}
Wands
 c - a wand of iceblast (7)
 e - a wand of digging (16)
Scrolls
 m - 3 scrolls of identify
 o - 4 scrolls of enchant weapon
 p - 2 scrolls of remove curse
 q - 2 scrolls of amnesia
Potions
 u - a potion of heal wounds


   Skills:
 - Level 5.0 Fighting
 - Level 2.0 Dodging
 - Level 2.4 Stealth
 - Level 7.2 Spellcasting
 + Level 11.1 Conjurations
 - Level 5.3 Summonings
 - Level 7.4 Ice Magic


You had 3 spell levels left.
You knew the following spells:

 Your Spells              Type           Power        Failure   Level  Hunger
a - Freeze                Ice            ####..       1%          1    N/A
b - Throw Frost           Conj/Ice       #####.       1%          2    N/A
c - Ozocubu's Armour      Chrm/Ice       ###.....     9%          3    N/A
d - Throw Icicle          Conj/Ice       #####...     2%          4    N/A
e - Summon Ice Beast      Ice/Summ       ####....     9%          4    N/A
f - Irradiate             Conj/Tmut      ###.......   34%         5    N/A

Your spell library contained the following spells:

 Spells                   Type           Power        Failure   Level  Hunger
 Magic Dart               Conj           ####         1%          1    N/A
 Summon Butterflies       Summ           ###.....     1%          1    N/A
 Apportation              Tloc           #.....       13%         1    N/A
 Beckoning                Tloc           #.........   36%         3    N/A
 Tukima's Dance           Hex            #.......     36%         3    N/A
 Iskenderun's Battlesphe  Conj/Chrm      ###.....     34%         5    N/A
 Venom Bolt               Conj/Pois      ###.......   34%         5    N/A
 Orb of Destruction       Conj           #####.....   73%         7    N/A
 Iron Shot                Conj/Erth      ###.......   89%         6    N/A
 Poison Arrow             Conj/Pois      ###.......   89%         6    N/A
 Icicle Burst             Conj/Ice       #####.....   93%         7    N/A
 Alistair's Intoxication  Tmut/Pois      #.......     98%         5    N/A
 Piercing Shot            Chrm           #.........   98%         5    N/A
 Silence                  Hex/Air        #.........   98%         5    N/A
 Spellforged Servitor     Conj/Summ      ####......   98%         7    N/A
 Deflect Missiles         Chrm/Air       #.........   100%        6    N/A
 Infestation              Hex/Tmut/Pois  #........    100%        6    N/A
 Invisibility             Hex            #.......     100%        6    N/A
 Discord                  Hex            #.........   100%        8    N/A

Dungeon Overview and Level Annotations

Branches:
Dungeon (10/12)            Temple (1/1) D:4
   Lair: D:7-9          Orc: D:8-11

Altars:
Ashenzari
Cheibriados
Dithmenos
Elyvilon
Fedhas
Gozag
Hepliaklqana
Kikubaaqudgha
Lugonu
Makhleb
Nemelex Xobeh
Okawaru
Qazlal
Ru
Sif Muna
Trog
Uskayaw
Vehumet
Wu Jian
Xom
Yredelemnul
Zin
The Shining One

Shops:
D:5 [


Innate Abilities, Weirdness & Mutations

You do not eat or drink.
You are immune to poison.
Your flesh is cold resistant. (rC+)
Your body sometimes deteriorates upon taking damage.
You are immune to negative energy. (rN+++)
You regenerate a little health from kills.
You are immune to unholy pain and torment.
You can survive without breathing.
When hurt, damage is shared between your health and your magic reserves.
Your movements are slightly less encumbered by armour. (ER -2)
Casting spells heals you.


Message History

As you read the scroll labeled SASIRO WINK, it crumbles to dust.
Wisps of shadow whirl around you...
It was a scroll of summoning.
The orc hits you with a +0 flail.
* * * LOW HITPOINT WARNING * * *
The orc priest calls upon Beogh to heal the orc.
The orc's wounds heal themselves!
What are your orders? t - Shout!
Orders for allies: a - Attack new target. r - Retreat! s - Stop attacking. g - Guard the area. f - Follow me.
Anything else - Cancel.
Gang up on whom?
Press: ? - help, Dir - move target cursor, f - orc priest
Aim: an orc priest, wielding a +0 club (moderately wounded, susceptible to hostile enchantments) Attack!
The orc hits you with a +0 flail.
* * * LOW HITPOINT WARNING * * *
The orc priest mumbles some strange prayers to Beogh against you.
Beogh smites you!
You die...

#....# ...........#### #.....#
#....# ............... .......#
#....# ............... ........+
#....# ....o....Y..... ........#
#....# ..........Y.. ##########
#....# .....{oZY.### #.......<.
#....#####...YoY.#.# #.........
#........#...Y...#.# #.......#
..†......#......@#.# #.......#
.........#########.####.......#
..............................#
...........######.............#
......÷....#....#..###........#
...........#..J.#..#.####'#...#
###........#....#..#......#...#
..#.÷......#Y...+..#......#...#
..#).......'....#..#......#...###


You could see an orc priest, 2 orcs, 6 friendly yaks and a friendly centaur
warrior zombie.

Vanquished Creatures
  A two-headed ogre (D:10)
  3 yaks
  A wyvern (D:8)
  2 orc warriors (D:7)
  An ice beast (D:5)
  An ogre (D:4)
  A centaur (D:9)
  A bullfrog (D:6)
  A big kobold (D:5)
  A water moccasin skeleton (D:6)
  A scorpion (D:9)
  2 killer bees
  2 wights
  3 crimson imps
  An orc priest (D:3)
  2 hounds
  A jelly (D:7)
  Terence (D:3)
  4 iguanas
  4 orc wizards
  5 worker ants
  Robin (D:1)
  7 gnolls
  6 adders
  2 howler monkey skeletons
  A shadow imp (D:9)
  2 oozes (D:3)
  An adder skeleton (D:5)
  2 worms
  5 dart slugs
  4 leopard geckos
  19 orcs
  4 giant cockroaches
  14 goblins
  11 hobgoblins
  11 jackals
  15 kobolds
  3 quokkas
  A ball python (D:2)
  4 bats
  7 frilled lizards
  A quokka skeleton (D:4)
  A quokka zombie (D:7)
  12 rats
173 creatures vanquished.

Vanquished Creatures (collateral kills)
  2 slime creatures (D:10)
  2 yaks
  An ice beast (D:5)
  A black bear (D:7)
  An ogre (D:7)
  A phantom (D:8)
  7 bullfrogs
  A gnoll sergeant (D:9)
  A scorpion (D:9)
  3 wights
  A howler monkey (D:9)
  A hound (D:5)
  2 orc priests (D:6)
  A bullfrog skeleton (D:5)
  2 centaur skeletons
  2 orc wizards
  2 worker ants
  3 gnolls (D:9)
  An adder (D:8)
  An adder skeleton (D:8)
  5 orcs
41 creatures vanquished.

Grand Total: 214 creatures vanquished

Notes
Turn   | Place    | Note
-------+----------+-------------------------------------------
     0 | D:1      | Kerapac the Skeleton Ice Elementalist began the quest for
                  | the Orb.
     0 | D:1      | Reached XP level 1. HP: 10/10 MP: 4/4
   365 | D:1      | Reached XP level 2. HP: 15/15 MP: 3/6
   503 | D:1      | Learned a level 2 spell: Throw Frost
  2094 | D:1      | Reached XP level 3. HP: 19/19 MP: 7/7
  2823 | D:2      | Reached skill level 5 in Ice Magic
  2896 | D:2      | Noticed Robin
  3052 | D:1      | Killed Robin
  3212 | D:1      | Reached XP level 4. HP: 10/24 MP: 1/8
  4454 | D:2      | Reached XP level 5. HP: 25/28 MP: 6/9
  5120 | D:3      | Noticed Terence
  5144 | D:3      | Killed Terence
  5546 | D:3      | Gained mutation: You regenerate a little health from kills.
                  | [Skeleton growth]
  5546 | D:3      | Reached XP level 6. HP: 32/32 MP: 3/12
  5676 | D:3      | Reached skill level 5 in Spellcasting
  6074 | D:4      | Found a staircase to the Ecumenical Temple.
  6082 | Temple   | Entered the Ecumenical Temple
  6243 | Temple   | Became a worshipper of Sif Muna the Loreminder
  6955 | D:3      | Learned a level 3 spell: Ozocubu's Armour
  7118 | D:4      | Reached * piety under Sif Muna
  7118 | D:4      | Reached XP level 7. HP: 36/36 MP: 4/17
  7237 | D:4      | Learned a level 4 spell: Throw Icicle
  7242 | D:4      | Learned a level 4 spell: Summon Ice Beast
  7510 | D:5      | Entered Level 5 of the Dungeon
  7510 | D:5      | Found Hisib's Armour Shop.
  7625 | D:5      | Reached skill level 1 in Summonings
  9285 | D:5      | Reached ** piety under Sif Muna
  9285 | D:5      | Reached skill level 5 in Summonings
  9556 | D:6      | Reached XP level 8. HP: 35/41 MP: 12/18
  9629 | D:5      | Reached skill level 2 in Conjurations
  9853 | D:6      | Received a gift from Sif Muna
 10149 | D:7      | Reached skill level 3 in Conjurations
 10283 | D:6      | Reached skill level 4 in Conjurations
 10448 | D:6      | Reached skill level 5 in Conjurations
 10859 | D:7      | Found a hide-covered altar of Uskayaw.
 10860 | D:7      | Found a basalt altar of Yredelemnul.
 12062 | D:7      | Reached skill level 6 in Conjurations
 12474 | D:7      | Reached skill level 7 in Conjurations
 13224 | D:7      | Reached skill level 8 in Conjurations
 13294 | D:7      | Reached XP level 9. HP: 39/45 MP: 8/19
 13473 | D:8      | Noticed a white ugly thing
 13568 | D:8      | Reached skill level 9 in Conjurations
 14231 | D:8      | Identified Zeuguts's Compendium of Attacks (Sif Muna gifted
                  | it to you on level 8 of the Dungeon)
 14231 | D:8      | Received a gift from Sif Muna
 14231 | D:8      | Reached skill level 1 in Fighting
 14449 | D:8      | Learned a level 5 spell: Irradiate
 14960 | D:9      | Reached skill level 10 in Conjurations
 15168 | D:10     | Entered Level 10 of the Dungeon
 15764 | D:10     | Noticed a two-headed ogre
 15785 | D:10     | Killed a two-headed ogre
 15785 | D:10     | Reached skill level 5 in Fighting
 15965 | D:10     | Reached skill level 11 in Conjurations
 16006 | D:10     | Found an ornate altar of the Wu Jian Council.
 16015 | D:10     | Killed from afar by an orc priest

Skill      XL: |  1  2  3  4  5  6  7  8  9 |
---------------+----------------------------+-----
Ice Magic      | 4 5 6 7 |  7.4
Spellcasting   | 4 7 |  7.2
Summonings     | 5 |  5.3
Conjurations   | 8 11 | 11.1
Fighting       | 5 |  5.0
Dodging        | |  2.0
Stealth        | |  2.4

Action                   |  1- 3 |  4- 6 |  7- 9 || total
-------------------------+-------+-------+-------++-------
Melee: Unarmed           |    16 |       |       ||    16
       Hand axe          |    45 |       |       ||    45
       Short sword       |     9 |   213 |   306 ||   528
 Cast: Freeze            |    42 |    43 |    53 ||   138
       Throw Frost       |    30 |    44 |    23 ||    97
       Summon Ice Beast  |       |       |    69 ||    69
       Ozocubu's Armour  |       |       |     3 ||     3
       Throw Icicle      |       |       |     9 ||     9
  Use: Scroll            |       |     1 |    10 ||    11
 Stab: Sleeping          |     7 |     4 |     1 ||    12
       Distracted        |       |       |     3 ||     3
Armor: Robe              |    16 |    46 |    74 ||   136
       Leather armour    |       |       |     7 ||     7
Dodge: Dodged            |    69 |   118 |   188 ||   375
